 Dungeon Crawl Stone Soup version 0.29-a0-1016-g236c7fd91e (webtiles) character file.

Game seed: 2743025536554975153

581 Manisian the Caller (level 7, -21/38 HPs)
             Began as a Deep Elf Summoner on Aug 9, 2022.
             Killed by an exploding themself (39 damage)
             ... ignited by their inner flame
             ... on level 4 of the Dungeon.
             The game lasted 00:08:01 (4578 turns).

Manisian the Caller (Deep Elf Summoner)             Turns: 4578, Time: 00:08:02

Health: -21/38     AC:  3    Str:  7    XL:     7   Next: 13%
Magic:  8/18       EV: 13    Int: 26    God:
Gold:   89         SH:  0    Dex: 15    Spells: 5/18 levels left

rFire   . . .      SeeInvis .   j - +1 scythe
rCold   . . .      Faith    .   (shield currently unavailable)
rNeg    . . .      Spirit   .   a - +1 robe
rPois   .          Reflect  .   (no helmet)
rElec   .          Harm     .   (no cloak)
rCorr   .          Rampage  .   (no gloves)
Will    .....                   (no boots)
Stlth   +++.......              (no amulet)
HPRegen 0.12/turn               g - +6 ring of intelligence
MPRegen 0.16/turn               (no ring)

@: no status effects
A: no striking features
a: no special abilities


You were on level 4 of the Dungeon.
You visited 1 branch of the dungeon, and saw 4 of its levels.

You collected 89 gold pieces.

Inventory:

Hand Weapons
 h - a +0 spear
 j - a +1 scythe (weapon)
Missiles
 r - 5 curare-tipped darts
Armour
 a - a +1 robe (worn)
 l - a scarf of shadows
Jewellery
 g - a +6 ring of intelligence (left hand)
Scrolls
 k - a scroll of identify
Potions
 b - a potion of magic
 c - a potion of attraction
 d - a potion of might
 e - 2 potions of berserk rage
 f - a potion of curing {unknown}
 i - a potion of brilliance
 m - a potion of degeneration
 n - a potion of mutation
 p - a potion of heal wounds {unknown}


   Skills:
 + Level 1.2 Fighting
 + Level 1.9 Polearms
 + Level 2.8 Dodging
 + Level 3.8 Stealth
 + Level 6.0 Spellcasting
 + Level 1.1 Hexes
 + Level 6.6 Summonings
 + Level 0.9 Air Magic


You had 5 spell levels left.
You knew the following spells:

 Your Spells              Type           Power      Damage    Failure   Level
a - Summon Small Mammal   Summ           100%       N/A       1%          1
b - Call Imp              Summ           42%        N/A       1%          2
c - Call Canine Familiar  Summ           42%        N/A       1%          3
d - Summon Guardian Gole  Hex/Summ       28%        N/A       4%          3
e - Summon Lightning Spi  Summ/Air       27%        N/A       14%         4

Your spell library contained the following spells:

 Spells                   Type           Power      Damage    Failure   Level
 Necrotise                Necr           28%        1d5       7%          1
 Vampiric Draining        Necr           7%         2d6       21%         3
 Agony                    Necr           7%         N/A       88%         5


Dungeon Overview and Level Annotations

Branches:
Dungeon (4/15)
 Temple: D:4-7

Altars:
Cheibriados
Vehumet
Yredelemnul

Annotations:
D:4 Pikel


Message History

The lemure hits your lightning spire but does no damage.
The lemure closely misses your shadow imp.
Pikel hits your shadow imp with a +2 whip of flaming!
Pikel burns your shadow imp.
Reach: j) +1 scythe
Press: ? - help, Dir - move target, f/p - Pikel
Aim: Pikel, wielding a +2 whip of flaming and wearing a +1 robe of positive energy (moderately wounded, ally target, about 60% to evade your +1 scythe)
You could not reach far enough!
Your shadow imp misses Pikel.
The adder bites your guardian golem but does no damage.
The lemure hits your lightning spire but does no damage.
The lemure closely misses your shadow imp.
Pikel hits your shadow imp with a +2 whip of flaming!
Pikel burns your shadow imp.
Your shadow imp dies!
Your shadow imp disappears in a puff of smoke!
The adder bites your guardian golem. The lemure hits your lightning spire.
Casting: Call Imp (safe; 1% risk of failure)
Confirm with . or Enter, or press ? or * to list all spells.
Your guardian golem overheats!
Your lightning spire shoots out a bolt of lightning at Pikel!
The bolt of electricity hits Pikel!
Pikel hits your guardian golem but does no damage.
The lemure hits your lightning spire. Flame seeps out of your guardian golem.
You swap places.
Your wolf barely misses Pikel.
Your guardian golem is engulfed in blazing flames.
Flame seeps out of your guardian golem. The lemure misses you.
The lemure hits your lightning spire. Flame seeps out of your guardian golem.
Pikel hits your guardian golem with a +2 whip of flaming.
Flame seeps out of your guardian golem.
Your wolf bites Pikel.
Your wolf bites Pikel but does no damage.
Your lightning spire shoots out a bolt of lightning at the lemure!
The bolt of electricity hits the lemure!
The lemure dies!
Your guardian golem is engulfed in blazing flames.
Your guardian golem disappears in a puff of smoke!
Your guardian golem explodes!
The fiery explosion engulfs you!!!
Ouch! That really hurt!
You die...

######## #...
#......######...
+...........'.5.
.###.........###...
...................
###.........######
###.........#
#..h.....#### ##
#####@5K#############5
.......8°S'.......#.....
#.#####§§.#######.#.....
#..... #5#..... #......
#....... #.......#
#.....#. #.......#
#....... ###.#####
#..)..○§ #.# #....☼._


You could see Pikel (distracted, ally target), a lemure, an adder, a friendly
wolf (summoned, sheltered) and a friendly lightning spire (summoned, sheltered).

Vanquished Creatures
  An ogre (D:4)
  An iguana (D:2)
  2 adders
  A worm (D:2)
  3 dart slugs (D:3)
  2 orcs
  An endoplasm (D:2)
  2 giant cockroaches
  3 goblins
  2 hobgoblins
  A quokka (D:2)
  2 ball pythons
  A frilled lizard (D:3)
  4 kobolds
  2 rats
28 creatures vanquished.

Vanquished Creatures (collateral kills)
  Sigmund (D:2)
  3 lemures (D:4)
  A scorpion (D:4)
  Jessica (D:3)
  Natasha (twice) (D:3)
  Robin (D:3)
  7 adders (D:3)
  2 dart slugs (D:1)
  3 ball pythons
  7 endoplasms
  3 giant cockroaches (D:1)
  11 goblins
  5 hobgoblins
  2 quokkas
  2 frilled lizards (D:1)
  3 kobolds
  3 rats
57 creatures vanquished.

Grand Total: 85 creatures vanquished

Notes
Turn   | Place    | Note
-------+----------+-------------------------------------------
     0 | D:1      | Manisian the Deep Elf Summoner began the quest for the Orb.
     0 | D:1      | Reached XP level 1. HP: 10/10 MP: 6/6
   297 | D:1      | Reached XP level 2. HP: 15/15 MP: 4/8
   337 | D:1      | Learned a level 2 spell: Call Imp
   438 | D:1      | Found a faded altar of an unknown god.
   486 | D:1      | Reached skill level 5 in Summonings
   783 | D:2      | Reached XP level 3. HP: 10/19 MP: 7/10
   921 | D:2      | Learned a level 3 spell: Call Canine Familiar
  1407 | D:2      | Noticed Sigmund
  1415 | D:2      | Learned a level 3 spell: Summon Guardian Golem
  1424 | D:2      | Killed Sigmund
  1425 | D:2      | Reached skill level 5 in Spellcasting
  1425 | D:2      | Reached XP level 4. HP: 10/24 MP: 3/13
  1425 | D:2      | Reached XP level 5. HP: 12/28 MP: 3/14
  1438 | D:2      | Learned a level 4 spell: Summon Lightning Spire
  1706 | D:2      | Found a basalt altar of Yredelemnul.
  2454 | D:3      | Reached skill level 1 in Polearms
  2670 | D:3      | Noticed Robin
  2682 | D:3      | Reached XP level 6. HP: 16/33 MP: 8/16
  2701 | D:3      | Killed Robin
  2992 | D:3      | Found a snail-covered altar of Cheibriados.
  3161 | D:3      | Reached skill level 1 in Hexes
  3396 | D:3      | Noticed Natasha
  3402 | D:3      | Killed Natasha
  3409 | D:3      | Noticed Natasha
  3410 | D:3      | Killed Natasha
  3771 | D:3      | Noticed Jessica
  3779 | D:3      | Killed Jessica
  4159 | D:4      | Reached skill level 1 in Fighting
  4383 | D:4      | Reached XP level 7. HP: 38/38 MP: 11/18
  4465 | D:4      | Found a radiant altar of Vehumet.
  4566 | D:4      | Noticed Pikel
  4578 | D:4      | Killed by an exploding themself... ignited by their inner
                  | flame

Illustrated notes

Levels and vault maps discovered:
D:1:      lemuel_arrival_broad_hall, layout_rooms,
          hellmonk_ecumenical_altar_run_dry
D:2:      layout_basic, basic_altar, uniq_sigmund
D:3:      layout_loops_cross, mainiacjoe_overflow_surrounded_room,
          kennysheep_generic_room_4, uniq_robin, uniq_natasha, uniq_jessica
D:4:      minmay_inner_zag, layout_basic, fiery_altar_vehumet,
          lemuel_zombie_altar_yredelemnul, serial_shops, shop, uniq_pikel

Skill      XL: |  1  2  3  4  5  6 |
---------------+-------------------+-----
Summonings     | 5 6 |  6.6
Spellcasting   | 5 6 |  6.0
Polearms       | 1 |  1.9
Hexes          | 1 |  1.1
Stealth        | 3 |  3.8
Fighting       | 1 |  1.2
Dodging        | |  2.8
Air Magic      | |  0.9

Action                   |  1- 3 |  4- 6 |  7- 9 || total
-------------------------+-------+-------+-------++-------
Melee: Unarmed           |     1 |       |       ||     1
       Spear             |    26 |       |       ||    26
       Halberd           |       |    85 |     8 ||    93
 Cast: Summon Small Mamm |    36 |     6 |       ||    42
       Call Imp          |     3 |     4 |     2 ||     9
       Call Canine Famil |     2 |     7 |     1 ||    10
       Summon Guardian G |     1 |     4 |     1 ||     6
       Summon Lightning  |       |     4 |     1 ||     5
  Use: Scroll            |     3 |     8 |       ||    11
 Stab: Sleeping          |       |     7 |     2 ||     9
       Distracted        |       |     1 |       ||     1
Armor: Robe              |     4 |    15 |       ||    19
Dodge: Dodged            |    16 |    49 |     7 ||    72

Table legend: (Time is in decaauts)
 A = Elapsed time spent in this place.
 B = Non-inter-level travel time spent in this place.
 C = Inter-level travel time spent in this place.
 D = Time resting spent in this place.
 E = Time spent auto-exploring this place.
 F = Levels seen in this place.
 G = Mean time per level.
                   A        B        C        D        E       F      G
               +--------+--------+--------+--------+--------+-----+--------+
         Total |   4625 |   4382 |    243 |    211 |   3384 |   4 | 1156.2 |
       Dungeon |   4625 |   4382 |    243 |    211 |   3384 |   4 | 1156.2 |
               +--------+--------+--------+--------+--------+-----+--------+

Top non-repeatable levels by time:
     D:3: 1900 daAuts
     D:2: 1491 daAuts
     D:1: 763 daAuts
     D:4: 470 daAuts
